cohdb
Replays
Latest Replays
All Replays
Popular Replays
Top Player Replays
Match Explorer
How It Works
Community
CoH3 Stats
Reddit
Sign in to upload your games and track your stats! →
Sign in with Steam
Match 41525993
Unlisted
Match 41525993
Overview
Messages
Build Orders
End
Panzergrenadier Squad
Panzergrenadier Squad
Panzergrenadier Squad
Construct Light Support Kompanie
Fire Support Elements
Pak 38 Anti-tank Gun Team
Selects Italian Infantry
Selects Guastatori Squad
Guastatori Squad
Guastatori Squad
Construct Panzerarmee Kommand
Veteran Squad Leaders
Selects Registered Artillery
Selects Defensive Operations
Selects Territory Booby Traps
Flak 36 Anti-tank Gun Team
Selects Obice 305mm Barrage
Panzer III L Medium Tank
Flak 36 Anti-tank Gun Team
Obice 305mm Barrage
Guastatori Squad
Flak 36 Anti-tank Gun Team
Obice 305mm Barrage
Selects Towed Cannone da 105/28 Field Howitzer
2.5-tonne Medical Truck
Obice 305mm Barrage
Guastatori Squad
Panzer III L Medium Tank
Pak 38 Mechanized Group
Obice 305mm Barrage
Registered Artillery
Panzer III L Medium Tank
Panzer III L Medium Tank
WebG
janplzacihlar_cz
JaDoBe
MaWerrick
SneaKerz
gb_gbg
0
0
Comments
sign in to comment!
No comments posted yet!